 Dungeon Crawl Stone Soup version 0.31-a0-1-g4198be8af4 (webtiles) character file.

Game seed: 4739195873572240245

11520 Pooter the Cleaver (level 11, -7/99 HPs)
             Began as a Minotaur Berserker on May 2, 2023.
             Was a Believer of Trog.
             Engulfed by a cloud of flame (36 damage)
             ... in a volcano.
             The game lasted 00:48:57 (9536 turns).

Pooter the Cleaver (Minotaur Berserker)             Turns: 9536, Time: 00:48:58

Health: -7/99      AC: 19    Str: 23    XL:     11   Next: 50%
Magic:  10/10      EV:  7    Int:  6    God:    Trog [**....]
Gold:   262        SH:  0    Dex: 11    Spells: 10/10 levels left

rFire   . . .        a - +2 war axe
rCold   . . .        (no shield)
rNeg    . . .        z - +2 plate armour
rPois   .            (helmet restricted)
rElec   .            G - +0 cloak
rCorr   .            g - +0 pair of gloves
SInv    .            J - +1 pair of boots
Will    ++++.        (no amulet) Stlth
                     k - ring of willpower
HPRegen 1.36/turn    C - ring of willpower
MPRegen 0.12/turn

%: no passive effects
@: strong-willed (expiring), on berserk cooldown, flying, regenerating
(expiring), slowed, very slow
A: horns 2, retaliatory headbutt
a: Renounce Religion, Berserk, Trog's Hand


You were in a volcano.
You worshipped Trog.
Trog was pleased with you.
You visited 2 branches of the dungeon, and saw 11 of its levels.
You also visited: Volcano.

You collected 507 gold pieces.
You spent 245 gold pieces at shops.

Inventory:

Hand Weapons
 a - a +2 war axe (weapon)
   (You found it on level 2 of the Dungeon)
 b - a +0 shortbow
   (You took it off a centaur on level 5 of the Dungeon)
 o - a +0 halberd
   (You found it on level 3 of the Dungeon)
 q - a +0 trident
   (You found it on level 3 of the Dungeon)
 x - a +2 scimitar of flaming
   (You took it off Erica on level 9 of the Dungeon)
 A - a +0 morningstar
   (You took it off an orc warrior on level 7 of the Dungeon)
Missiles
 r - 24 poisoned darts
 v - 2 javelins
 F - 12 boomerangs (quivered)
 H - 3 throwing nets {!f}
 L - 2 boomerangs of dispersal {!f}
 Q - 51 stones
Armour
 g - a +0 pair of gloves (worn)
   (You found it on level 1 of the Dungeon)
 z - a +2 plate armour (worn)
   (You took it off an orc warrior on level 5 of the Dungeon)
 G - a +0 cloak (worn)
   (You found it on level 9 of the Dungeon)
 J - a +1 pair of boots (worn)
   (You found it on level 9 of the Dungeon)
Jewellery
 k - a ring of willpower (left hand)
   (You found it on level 2 of the Dungeon)
 C - a ring of willpower (right hand)
   (You found it on level 5 of the Dungeon)
Wands
 d - a wand of iceblast (5)
   (You took it off Harold on level 9 of the Dungeon)
 f - a wand of flame (5)
   (You found it on level 9 of the Dungeon)
 B - a wand of polymorph (5)
   (You found it on level 7 of the Dungeon)
Scrolls
 h - 2 scrolls of fog
 l - a scroll of poison {!r}
 s - 2 scrolls of butterflies
 t - 4 scrolls of teleportation {@r4}
 u - a scroll of noise {!r}
 w - 2 scrolls of blinking
Potions
 e - a potion of attraction {unknown}
 i - 2 potions of magic {unknown}
 j - 3 potions of berserk rage {unknown}
 m - a potion of lignification {!q}
 n - 2 potions of flight
 p - 2 potions of mutation {unknown}
 y - 3 potions of resistance {unknown}
 E - a potion of ambrosia {unknown}
 I - 15 potions of curing {@q1}
Miscellaneous
 K - a phial of floods
   (You found it on level 9 of the Dungeon)
 M - a box of beasts
   (You found it on level 10 of the Dungeon)


   Skills:
 + Level 10.1 Fighting
 * Level 13.7 Axes
 * Level 12.0 Ranged Weapons
 + Level 5.1 Armour
 - Level 2.1 Dodging
 - Level 1.2 Stealth
 + Level 3.2 Evocations


You had 10 spell levels left.
You didn't know any spells.
Your spell library was empty.

Dungeon Overview and Level Annotations

Branches:
Dungeon (10/15)            Temple (0/1) D:4            Lair (1/5) D:10
Volcano (1/1)
    Orc: D:9-12

Altars:
Hepliaklqana
Makhleb
Xom
Yredelemnul

Shops:
D:1 ?   D:2 *

Annotations:
D:8 3 transporters


Innate Abilities, Weirdness & Mutations

You have a pair of horns on your head.
You reflexively headbutt those who attack you in melee.


Message History

* * * LOW HITPOINT WARNING * * *
The lava snake spits lava at you. The glob of lava misses you.
Unknown command.
You feel better. The fire bat barely misses you.
You feel better. The fire bat completely misses you. You furiously retaliate!
You headbutt the fire bat.
The fire bat bites you but does no damage.
The lava snake barely misses you. You furiously retaliate!
You headbutt the lava snake. The lava snake barely misses you.
You furiously retaliate!
You headbutt the lava snake! The fire bat bites you.
* * * LOW HITPOINT WARNING * * *
You are engulfed in flames!
* * * LOW HITPOINT WARNING * * *
You feel very buoyant.
You fly up into the air.
Your skin stops crawling.
You feel less strong-willed.
The fire bat bites you but does no damage.
The lava snake spits lava at you. The glob of lava hits you.
* * * LOW HITPOINT WARNING * * *
Your skin crawls.
You feel strong-willed.
The fire bat bites you but does no damage.
The lava snake bites you but does no damage.
The lava snake spits lava at you. The glob of lava hits you.
* * * LOW HITPOINT WARNING * * *
You slice the lava snake!!
You kill the lava snake!
Trog accepts your kill.
The fire bat bites you but does no damage.
You hit the fire bat. Your headbutt misses the fire bat.
The fire bat bites you but does no damage.
The fire bat bites you but does no damage. x2
You slash the fire bat! The fire bat barely misses you.
The fire bat bites you but does no damage.
You barely miss the fire bat. You headbutt the fire bat.
The fire bat bites you but does no damage.
A fire bat is nearby!
The fire bat bites you but does no damage. x2
You hit the fire bat. You headbutt the fire bat.
You kill the fire bat!
Trog accepts your kill.
Your Ranged Weapons skill increases to level 12!
You feel the effects of Trog's Hand fading.
The air gets thick with the scent of sulphur.
The volcano roars to life, belching forth lava!
You are engulfed in blazing flames.
You die...

§≈☼○☼ ○§§○○☼
≈≈≈○☼☼§§§○§○○☼☼≈
≈≈§○°○§≈§○§☼§○§≈§≈≈
≈§○○☼§○§☼☼○○§§≈≈≈≈§
○☼☼○☼☼☼○○○○§§≈§≈≈§.
#○☼§○○☼○☼○○≈≈§§§≈...
#○§☼○☼○§○☼○≈≈≈≈§§...
#○☼@○☼○○°☼○≈§≈§≈≈...
#°§☼○☼§☼☼○○≈≈≈≈≈≈≈..
#☼○☼§○☼○☼○○≈≈≈≈≈≈≈..
#○○○☼○○☼○☼○≈≈≈≈§≈≈..
..#☼§°○☼☼☼☼○§.≈≈≈≈≈...
###○☼§§☼○○§☼☼≈§.≈≈≈§..
#○§☼§○§§○○§≈≈§...§..
#○○☼☼§☼§○○☼≈≈≈§§≈≈§.
#.≈§≈§≈§≈≈≈≈≈≈≈§≈§§.


There were no monsters in sight!

Vanquished Creatures
  Harold (D:9)
  2 two-headed ogres
  Erica (D:9)
  3 death yaks (D:10)
  A cyclops (D:8)
  3 elephants (Lair:1)
  A cane toad (Lair:1)
  Psyche (D:9)
  An unseen horror (D:10)
  A troll (D:9)
  12 yaks
  A wraith (D:9)
  A wyvern (D:8)
  2 fire bats (Volcano)
  A steam dragon (D:7)
  A black bear (D:5)
  3 orc warriors
  An ogre (D:6)
  4 centaurs
  2 phantoms
  5 bullfrogs
  3 scorpions
  3 wights (D:6)
  3 killer bees (D:9)
  5 howler monkeys
  4 lava snakes (Volcano)
  2 hounds (D:4)
  2 orc priests
  2 jellies
  Jessica (D:3)
  An iguana (D:5)
  A sleepcap (D:5)
  5 orc wizards
  5 adders
  2 white imps
  A worm (D:3)
  5 dart slugs
  20 orcs
  3 endoplasms
  3 giant cockroaches (D:4)
  15 goblins
  10 hobgoblins
  10 quokkas
  8 ball pythons
  12 bats
  6 frilled lizards
  7 kobolds
187 creatures vanquished.

Vanquished Creatures (others)
  2 orcs (D:7)
  2 plants (D:8)
4 creatures vanquished.

Grand Total: 191 creatures vanquished

Notes
Turn   | Place    | Note
-------+----------+-------------------------------------------
     0 | D:1      | Pooter the Minotaur Berserker began the quest for the Orb.
     0 | D:1      | Reached XP level 1. HP: 19/19 MP: 0/0
   213 | D:1      | Reached XP level 2. HP: 26/27 MP: 1/1
   219 | D:1      | Reached skill level 4 in Axes
   288 | D:1      | Found Numuqeme's Magic Scroll Shop.
   295 | D:1      | Reached skill level 1 in Stealth
   447 | D:1      | Reached ** piety under Trog
   506 | D:1      | Bought a scroll of identify for 28 gold pieces
   616 | D:1      | Reached XP level 3. HP: 33/33 MP: 2/2
   746 | D:2      | Reached skill level 1 in Ranged Weapons
   887 | D:1      | Bought a scroll of poison for 56 gold pieces
  1001 | D:2      | Reached XP level 4. HP: 40/40 MP: 3/3
  1222 | D:2      | Found Jahuafru's General Store.
  1466 | D:3      | Noticed Jessica
  1474 | D:3      | Killed Jessica
  1513 | D:3      | Found a burning altar of Makhleb.
  1564 | D:3      | Found a faded altar of an unknown god.
  1568 | D:3      | Reached skill level 5 in Axes
  1658 | D:2      | Bought a scroll of identify for 28 gold pieces
  1912 | D:3      | Reached XP level 5. HP: 45/47 MP: 4/4
  2496 | D:4      | Found a staircase to the Ecumenical Temple.
  2676 | D:4      | Reached *** piety under Trog
  2870 | D:4      | Reached XP level 6. HP: 53/55 MP: 5/5
  3026 | D:4      | Reached skill level 6 in Axes
  3080 | D:4      | Reached skill level 5 in Fighting
  3194 | D:2      | Bought a scroll of identify for 28 gold pieces
  3387 | D:5      | Entered Level 5 of the Dungeon
  3619 | D:5      | Reached XP level 7. HP: 60/61 MP: 6/6
  3702 | D:5      | Reached skill level 7 in Axes
  3763 | D:5      | Reached skill level 5 in Ranged Weapons
  4332 | D:5      | Found a hazy altar of Hepliaklqana.
  5033 | D:1      | Bought a scroll of enchant armour for 105 gold pieces
  5217 | D:6      | Reached skill level 8 in Axes
  5217 | D:6      | Reached XP level 8. HP: 70/70 MP: 7/7
  5690 | D:7      | Reached skill level 9 in Axes
  6231 | D:8      | Found a basalt altar of Yredelemnul.
  6241 | D:8      | Reached XP level 9. HP: 48/79 MP: 8/8
  6403 | D:8      | Noticed a cyclops
  6412 | D:8      | Killed a cyclops
  6413 | D:8      | Reached skill level 10 in Axes
  6510 | D:8      | Noticed a two-headed ogre
  6519 | D:8      | Killed a two-headed ogre
  6592 | D:8      | Found a transporter.
  6601 | D:8      | Found a transporter.
  6619 | D:8      | Found a transporter.
  6790 | D:8      | Found a transporter.
  6943 | D:9      | Reached skill level 11 in Axes
  7110 | D:9      | Noticed Erica
  7130 | D:9      | Reached XP level 10. HP: 88/90 MP: 9/9
  7135 | D:9      | Killed Erica
  7136 | D:9      | Reached skill level 10 in Ranged Weapons
  7259 | D:9      | Noticed Harold
  7270 | D:9      | Killed Harold
  7271 | D:9      | Reached skill level 12 in Axes
  7495 | D:9      | Noticed Psyche
  7510 | D:9      | Killed Psyche
  7511 | D:9      | Reached skill level 1 in Evocations
  7783 | D:9      | Found a shimmering altar of Xom.
  7834 | D:10     | Entered Level 10 of the Dungeon
  8358 | D:10     | Noticed a two-headed ogre
  8367 | D:10     | Killed a two-headed ogre
  8368 | D:10     | Reached skill level 13 in Axes
  8368 | D:10     | Reached XP level 11. HP: 33/97 MP: 10/10
  8577 | D:10     | Found a staircase to the Lair.
  8577 | D:10     | Noticed a death yak
  8578 | D:10     | Noticed a death yak
  8579 | D:10     | Noticed a death yak
  8656 | D:10     | Killed a death yak
  8660 | D:10     | Killed a death yak
  8662 | D:10     | Killed a death yak
  8677 | Lair:1   | Entered Level 1 of the Lair of Beasts
  9037 | Lair:1   | Reached skill level 10 in Fighting
  9046 | Lair:1   | Reached skill level 5 in Armour
  9082 | Lair:1   | Found a dark tunnel.
  9090 | Volcano  | Entered a volcano
  9536 | Volcano  | Engulfed by a cloud of flame

Illustrated notes

Levels and vault maps discovered:
D:1:      tarquinn_simple_flora_water_c, layout_loops_cross, serial_shops,
          nicolae_diamond_shop
D:2:      layout_basic, serial_shops, nicolae_shop_behind_doors,
          corexii_item_surrounded_by_moat, hangedman_glass_teeth,
          minmay_strange_pillars, minmay_tromino_mix6
D:3:      layout_loops_ring, mainiacjoe_overflow_brackets,
          hellmonk_ecumenical_altar_crossroads, uniq_jessica
D:4:      minmay_chambers_of_fours, layout_basic,
          minmay_temple_entry_proselytizer, minmay_crossroads
D:5:      layout_basic, lemuel_doored_altar
D:6:      layout_rooms, serial_curves, eino_curves_02, eino_curves_01,
          minmay_ogre_servants
D:7:      layout_rooms, amethyst_killhole
D:8:      layout_rooms, mainiacjoe_overflow_small_starburst,
          serial_bayou_ford_a, nicolae_transporter_intersection
D:9:      layout_rooms, mainiacjoe_overflow_six_doors_small, uniq_psyche,
          uniq_harold, uniq_erica
D:10:     layout_cave_pods, amcnicky_altar_gilded, dpeg_lair_monsters,
          nicolae_trove_entry_crystal
Lair:1:   layout_chaotic_city, nicolae_volcano_entry_two_sided,
          kennysheep_rathole
Volcano:  volcano_lake [vl_original]

Skill      XL: |  1  2  3  4  5  6  7  8  9 10 11 |
---------------+----------------------------------+-----
Axes           | 4 5 6 8 9 11 13 | 13.7
Stealth        | 1 |  1.2
Fighting       | 4 5 6 7 8 9 10 | 10.1
Ranged Weapons | 1 2 3 4 6 7 9 11 12 | 12.0
Armour         | 4 5 |  5.1
Evocations     | 2 3 |  3.2
Dodging        | |  2.1

Action                     |  1- 3 |  4- 6 |  7- 9 | 10-12 || total
---------------------------+-------+-------+-------+-------++-------
  Melee: Hand axe          |    57 |       |       |       ||    57
         Headbutt          |     8 |    12 |    18 |    43 ||    81
         Punch             |     1 |     1 |     2 |     7 ||    11
         War axe           |       |    74 |   114 |   170 ||   358
   Fire: Sling             |    15 |    58 |     8 |       ||    81
         Shortbow          |       |       |    33 |    26 ||    59
  Throw: Dart              |       |     3 |       |       ||     3
         Boomerang         |       |       |       |     6 ||     6
         Javelin           |       |       |       |     1 ||     1
 Invoke: Berserk           |     1 |       |    10 |     9 ||    20
         Trog's Hand       |     1 |       |     6 |    11 ||    18
  Evoke: Wand              |       |       |     5 |     5 ||    10
    Use: Scroll            |     2 |     5 |     6 |     7 ||    20
         Potion            |       |       |       |     3 ||     3
 Armour: Scale mail        |    32 |    20 |       |       ||    52
         Chain mail        |       |    29 |     8 |       ||    37
         Plate armour      |       |       |    74 |   143 ||   217
  Dodge: Dodged            |    46 |    48 |    52 |    54 ||   200

Table legend: (Time is in decaauts)
 A = Elapsed time spent in this place.
 B = Non-inter-level travel time spent in this place.
 C = Inter-level travel time spent in this place.
 D = Time resting spent in this place.
 E = Time spent auto-exploring this place.
 F = Levels seen in this place.
 G = Mean time per level.
                   A        B        C        D        E       F      G
               +--------+--------+--------+--------+--------+-----+--------+
         Total |   9748 |   9110 |    638 |   2679 |   4575 |  12 |  812.3 |
       Dungeon |   8859 |   8221 |    638 |   2108 |   4575 |  10 |  885.9 |
          Lair |    431 |    431 |      0 |    272 |      0 |   1 |  431.0 |
       Volcano |    458 |    458 |      0 |    298 |      0 |   1 |  458.0 |
               +--------+--------+--------+--------+--------+-----+--------+

Top non-repeatable levels by time:
     D:5: 1337 daAuts
     D:4: 1325 daAuts
     D:9: 1141 daAuts
     D:6: 998 daAuts
     D:1: 906 daAuts
     D:3: 792 daAuts
     D:8: 712 daAuts
    D:10: 652 daAuts
     D:2: 567 daAuts
 Volcano: 458 daAuts
  Lair:1: 431 daAuts
     D:7: 423 daAuts
